 Dungeon Crawl Stone Soup version 0.25-a0-365-g7600c65aa0 (webtiles) character file.

Game seed: 4403844801278585104, levelgen mode: deterministic

1040 night the Jinx (level 8, 0/37 HPs)
             Began as a Spriggan Enchanter on Jan 5, 2020.
             Killed by divine providence
             ... invoked by an orc priest
              (13 damage)
             ... on level 5 of the Dungeon.
             The game lasted 00:17:55 (5391 turns).

night the Jinx (Spriggan Enchanter)                 Turns: 5391, Time: 00:17:56

Health: 0/37       AC:  4    Str:  4    XL:     8   Next: 4%
Magic:  9/19       EV: 19    Int: 19    God:
Gold:   208        SH:  0    Dex: 16    Spells: 12/21 levels left

rFire    . . .     SeeInvis +   t - +1 dagger (venom)
rCold    . . .     Gourm    .   (shield restricted)
rNeg     . . .     Faith    .   b - +0 robe
rPois    .         Spirit   .   (helmet restricted)
rElec    .         Reflect  .   u - +1 cloak {MR+}
rCorr    .         Harm     .   (gloves unavailable)
MR       ++...                  (boots unavailable)
Stlth    +++.......             (no amulet)
HPRegen  0.12/turn              r - +4 ring of slaying
MPRegen  0.16/turn              (no ring)

@: very slightly contaminated, very quick
A: very small, unfitting armour, see invisible, herbivore, speed 3, slow
metabolism 2
a: no special abilities


You were on level 5 of the Dungeon.
You were very hungry.

You visited 1 branch of the dungeon, and saw 5 of its levels.

You collected 208 gold pieces.

Inventory:

Hand Weapons
 a - a +1 dagger
 t - a +1 dagger of venom (weapon)
Missiles
 c - 15 poisoned darts (quivered)
 h - 102 stones
 o - 44 sling bullets
Armour
 b - a +0 robe (worn)
 u - a +1 cloak of magic resistance (worn)
Jewellery
 r - a +4 ring of slaying (left hand)
Wands
 k - a wand of disintegration (18)
 s - a wand of iceblast (7)
 w - a wand of digging (5)
 B - a wand of paralysis (4)
Scrolls
 e - a scroll of fear
 f - a scroll of teleportation
 j - a scroll of enchant armour {unknown}
 m - 2 scrolls of remove curse
 y - a scroll of noise {unknown}
 A - a scroll of fog {unknown}
Potions
 g - a potion of invisibility
 i - 3 potions of brilliance
 l - 2 potions of heal wounds
 n - 2 potions of magic
 p - a potion of might
 q - 2 potions of haste
 v - a potion of lignification {unknown}
 x - a potion of curing {unknown}
 z - 2 potions of degeneration
Comestibles
 d - 6 rations


   Skills:
 + Level 1.5 Fighting
 + Level 2.5 Short Blades
 + Level 4.3 Dodging
 + Level 5.7 Stealth
 + Level 7.0 Spellcasting
 + Level 8.1 Hexes


You had 12 spell levels left.
You knew the following spells:

 Your Spells              Type           Power        Failure   Level  Hunger
a - Corona                Hex            #####..      1%          1    None
b - Ensorcelled Hibernat  Hex/Ice        ###...       2%          2    None
c - Confuse               Hex            #####...     1%          3    #......
d - Tukima's Dance        Hex            #####...     1%          3    #......

Your spell library contained the following spells:

 Spells                   Type           Power        Failure   Level  Hunger
 Dazzling Flash           Conj/Hex       ###...       5%          3    #......


Dungeon Overview and Level Annotations

Branches:
Dungeon (5/15)
 Temple: D:4-7

Altars:
Ashenzari
Cheibriados
Zin


Innate Abilities, Weirdness & Mutations

You are very small and have problems with some larger weapons.
You are too small for most types of armour.
You have supernaturally acute eyesight. (SInv)
You are a herbivore.
You cover ground extremely quickly.
You need to consume almost no food.


Message History

Casting: Ensorcelled Hibernation (safe; 2% risk of failure)
Confirm with . or Enter, or press ? or * to list all spells.
Aiming: Ensorcelled Hibernation (safe; 2% risk of failure)
Press: ? - help, Shift-Dir - straight line, f/p - orc priest
Aim: an orc priest, wielding a +0 short sword and wearing a +0 ring mail (poisoned, chance to defeat MR: 51%)
The orc looks drowsy...
The orc priest mumbles some strange prayers to Beogh against you.
Beogh smites you!
The orc shouts!
Casting: Ensorcelled Hibernation (safe; 2% risk of failure)
Confirm with . or Enter, or press ? or * to list all spells.
Aiming: Tukima's Dance (safe; 1% risk of failure)
Press: ? - help, Shift-Dir - straight line, f - orc, p - orc priest
Aim: an orc, wielding a +0 flail and wearing a +0 ring mail (chance to defeat MR: 86%)
You miscast Tukima's Dance.
You are very lightly contaminated with residual magic.
You feel a bit tired.
The orc priest invokes the aid of Beogh against you.
Beogh smites you!
You die...

.#####.......#.......###.........
.# #.....###................##.
.# ##'#### ##..####.###<....##.
.######'### #.>...#'###........
.#........# ##........#........
##........# #........#........
##........######.o......#........
......#.####...)o###....#........
.####.#.........@.##............#
.# #..............##............#
.# #..#........[..##.#####......#
####..#........)..##.............
#....'...........####...........
##....#...........####...........
......#..........................
......##......#....)..##....###..
.......#......#.......##....# #..


You could see an orc priest and an orc.

Vanquished Creatures
  Grinder (D:3)
  A centaur (D:5)
  A quasit (D:1)
  A crimson imp (D:5)
  2 hounds
  A bullfrog zombie (D:5)
  4 orc priests
  3 orc wizards
  An iguana (D:5)
  Ijyb (D:5)
  A worker ant (D:4)
  8 adders
  2 shadow imps (D:5)
  3 oozes
  An adder zombie (D:5)
  6 worms
  3 dart slugs
  10 leopard geckos
  16 orcs
  4 giant cockroaches
  7 hobgoblins
  3 jackals (D:4)
  A quokka (D:2)
  7 bats
  4 frilled lizards
  8 goblins
  8 kobolds
  6 rats
114 creatures vanquished.

Vanquished Creatures (collateral kills)
  An ogre (D:5)
  Crazy Yiuf (D:3)
2 creatures vanquished.

Vanquished Creatures (others)
  A dancing weapon (D:2)
1 creature vanquished.

Grand Total: 117 creatures vanquished

Notes
Turn   | Place    | Note
-------+----------+-------------------------------------------
     0 | D:1      | night the Spriggan Enchanter began the quest for the Orb.
     0 | D:1      | Reached XP level 1. HP: 9/9 MP: 5/5
   344 | D:1      | Reached skill level 4 in Hexes
   428 | D:1      | Reached XP level 2. HP: 9/13 MP: 7/7
   532 | D:1      | Learned a level 2 spell: Ensorcelled Hibernation
  1028 | D:1      | Reached XP level 3. HP: 16/16 MP: 5/8
  1416 | D:2      | Learned a level 3 spell: Confuse
  1493 | D:2      | Reached skill level 5 in Hexes
  1726 | D:1      | Reached XP level 4. HP: 9/21 MP: 0/10
  2071 | D:2      | Learned a level 3 spell: Tukima's Dance
  2569 | D:3      | Noticed Grinder
  2589 | D:3      | Killed Grinder
  2589 | D:3      | Reached skill level 5 in Spellcasting
  2589 | D:3      | Reached skill level 6 in Hexes
  2589 | D:3      | Reached XP level 5. HP: 19/24 MP: 9/13
  2589 | D:3      | Reached XP level 6. HP: 22/28 MP: 10/15
  2714 | D:3      | Reached skill level 7 in Hexes
  2730 | D:3      | Found a glowing silver altar of Zin.
  3230 | D:3      | Found a runed translucent door.
  3231 | D:3      | Noticed Crazy Yiuf
  3351 | D:3      | Killed Crazy Yiuf
  3661 | D:4      | Reached XP level 7. HP: 32/32 MP: 17/17
  4311 | D:5      | Entered Level 5 of the Dungeon
  4445 | D:5      | Reached skill level 5 in Stealth
  4687 | D:5      | Found a snail-covered altar of Cheibriados.
  4697 | D:5      | Reached skill level 1 in Fighting
  4936 | D:5      | Reached skill level 8 in Hexes
  5048 | D:5      | Found a shattered altar of Ashenzari.
  5252 | D:5      | Noticed Ijyb
  5260 | D:5      | Killed Ijyb
  5260 | D:5      | Reached XP level 8. HP: 37/37 MP: 9/19
  5391 | D:5      | Killed from afar by an orc priest

Levels and vault maps discovered:
D:1:      ebering_trefoil_3fold, layout_basic, minmay_pentomino_x2
D:2:      layout_rooms, minmay_stone_trees_small
D:3:      layout_loops_cross, lemuel_doored_altar, uniq_crazy_yiuf_cottage,
          uniq_grinder
D:4:      layout_cave_pools
D:5:      layout_basic, lemuel_crystal_altar, slow_altar_2, first_ration,
          kennysheep_slug_shrine, uniq_ijyb

Skill      XL: |  1  2  3  4  5  6  7  8 |
---------------+-------------------------+-----
Hexes          | 4 5 6 7 8 |  8.1
Spellcasting   | 3 5 6 7 |  7.0
Stealth        | 5 |  5.7
Fighting       | 1 |  1.5
Short Blades   | 2 |  2.5
Dodging        | 4 |  4.3

Action                   |  1- 3 |  4- 6 |  7- 9 || total
-------------------------+-------+-------+-------++-------
Melee: Dagger            |    68 |   105 |   122 ||   295
Throw: Dart              |    13 |     2 |       ||    15
 Cast: Corona            |     1 |       |     1 ||     2
       Ensorcelled Hiber |    17 |    39 |    28 ||    84
       Confuse           |     3 |     2 |    16 ||    21
       Tukima's Dance    |       |     3 |     2 ||     5
  Use: Scroll            |       |       |     9 ||     9
 Stab: Sleeping          |    26 |    27 |    18 ||    71
       Confused          |     1 |     4 |     4 ||     9
  Eat: Ration            |       |     1 |     1 ||     2
Armor: Robe              |     9 |     8 |     8 ||    25
Dodge: Dodged            |    73 |    93 |    98 ||   264

Table legend:
 A = Non-vault XP
 B = Vault XP
 C = Vault XP percentage of total XP
 D = Non-vault monster count
 E = Vault monster count
 F = Vault count percentage of total count
                 A         B        C        D         E       F
            +---------+---------+-------+---------+---------+-------
      Total |    1137 |     349 |  23.5 |     112 |       4 |   3.4
            +---------+---------+-------+---------+---------+-------
        D:1 |     108 |       0 |   0.0 |      28 |       0 |   0.0
        D:2 |      78 |       0 |   0.0 |      24 |       0 |   0.0
        D:3 |     234 |     309 |  56.9 |      24 |       2 |   7.7
        D:4 |     146 |       0 |   0.0 |      13 |       0 |   0.0
        D:5 |     571 |      40 |   6.5 |      23 |       2 |   8.0
            +---------+---------+-------+---------+---------+-------
